 Dungeon Crawl Stone Soup version 0.25.0-9-g26727b6 (webtiles) character file.

Game seed: 1001208987616529112

84 ratboy the Vexing (level 4, -5/25 HPs)
             Began as a Kobold Arcane Marksman on June 20, 2020.
             Killed by nerve-wracking pain
             ... invoked by Grinder
              (11 damage)
             ... on level 3 of the Dungeon.
             The game lasted 00:07:28 (2334 turns).

ratboy the Vexing (Kobold Arcane Marksman)          Turns: 2334, Time: 00:07:28

Health: -5/25      AC:  3    Str:  8    XL:     4   Next: 72%
Magic:  5/5        EV: 15    Int: 14    God:
Gold:   98         SH:  0    Dex: 15    Spells: 4/5 levels left

rFire    . . .     SeeInvis .   b - +1 dagger (vamp)
rCold    . . .     Gourm    .   (shield restricted)
rNeg     . . .     Faith    .   e - +0 robe
rPois    .         Spirit   .   p - +0 helmet
rElec    .         Reflect  .   (no cloak)
rCorr    .         Harm     .   (no gloves)
MR       .....                  (no boots)
Stlth    ++........             i - amulet of regeneration
HPRegen  0.48/turn              (no ring)
MPRegen  0.09/turn              (no ring)

@: no status effects
A: small, carnivore
a: no special abilities


You were on level 3 of the Dungeon.
You were completely stuffed.

You visited 1 branch of the dungeon, and saw 3 of its levels.

You collected 98 gold pieces.

Inventory:

Hand Weapons
 a - a +0 hand crossbow
 b - a +1 vampiric dagger (weapon)
Missiles
 m - 36 poisoned darts (quivered)
Armour
 e - a +0 robe (worn)
 p - a +0 helmet (worn)
Jewellery
 i - an amulet of regeneration (around neck)
 n - a +4 ring of evasion {unknown}
Scrolls
 c - 3 scrolls of remove curse {unknown}
 g - a scroll of amnesia {unknown}
 l - a scroll of fog {unknown}
 o - 3 scrolls of identify {unknown}
 t - a scroll of blinking {unknown}
 v - a scroll of magic mapping {unknown}
 x - a scroll of random uselessness {unknown}
Potions
 j - 2 potions of brilliance {unknown}
 k - a potion of invisibility {unknown}
 q - 2 potions of curing {unknown}
 r - a potion of lignification {unknown}
 s - a potion of heal wounds {unknown}
 u - 2 potions of stabbing {unknown}
 w - a potion of flight {unknown}
Comestibles
 f - 2 rations


   Skills:
 - Level 1.1 Fighting
 + Level 3.7 Crossbows
 - Level 2.4 Dodging
 + Level 3.2 Stealth
 - Level 1.1 Spellcasting
 + Level 3.7 Hexes


You had 4 spell levels left.
You knew the following spells:

 Your Spells              Type           Power        Failure   Level  Hunger
a - Corona                Hex            ##.....      5%          1    ##.....

Your spell library contained the following spells:

 Spells                   Type           Power        Failure   Level  Hunger
 Slow                     Hex            ##......     9%          2    ###....
 Inner Flame              Hex/Fire       #.......     34%         3    ####...
 Portal Projectile        Hex/Tloc       #.....       34%         3    ####...
 Cause Fear               Hex            ##........   50%         4    #####..
 Leda's Liquefaction      Hex/Erth       #.........   75%         4    #####..


Dungeon Overview and Level Annotations

Branches:
Dungeon (3/15)

Altars:

Annotations:
D:2 Sigmund
D:3 Grinder


Innate Abilities, Weirdness & Mutations

You are small and have problems with some larger weapons.
You are carnivorous and can eat meat at any time.


Message History

You hit Grinder.
Grinder is moderately wounded.
Grinder gestures at you. You resist with significant effort.
You hit Grinder but do no damage.
Grinder is moderately wounded.
Grinder misses you.
You barely miss Grinder.
Grinder is moderately wounded.
Grinder says, "DUCK!"
Grinder hits you but does no damage.
You hit Grinder but do no damage.
Grinder is moderately wounded.
Grinder closely misses you.
You hit Grinder.
Grinder is heavily wounded.
Grinder looks more healthy.
Grinder gestures at you. Pain shoots through your body!
You die...

#.....#.#...)....# #.#
##.##.#.#........##♣.♣
#....................#
#..##h##.#.####'#.#♣.♣
#.....##.#.####.#.##.#
#..###(..(...........#
#..).....#.####...##.#
#.####5..#........##.#
#..K(..##.PP....##.#
#.###.##P♣..PP..##.#
... #... ♣♣♣PPP.##.#
#... ....PP ♣....##.#
..... ..#.♣P♣♣♣P..##.#
####># ####.. P
PP..##.# #. #o. ....#
#) ##. ###.#


You could see Grinder.

Vanquished Creatures
  Robin (D:1)
  An ooze (D:1)
  2 dart slugs
  2 orcs
  7 bats
  2 giant cockroaches
  12 hobgoblins
  4 jackals (D:3)
  4 frilled lizards
  10 goblins
  4 kobolds
  9 rats
58 creatures vanquished.

Notes
Turn   | Place    | Note
-------+----------+-------------------------------------------
     0 | D:1      | ratboy the Kobold Arcane Marksman began the quest for the
                  | Orb.
     0 | D:1      | Reached XP level 1. HP: 12/12 MP: 2/2
   187 | D:1      | Reached skill level 1 in Stealth
   213 | D:1      | Reached XP level 2. HP: 16/16 MP: 3/3
   859 | D:1      | Reached XP level 3. HP: 20/20 MP: 4/4
  1105 | D:2      | Noticed Robin
  1133 | D:1      | Killed Robin
  1201 | D:2      | Reached XP level 4. HP: 21/25 MP: 5/5
  1320 | D:2      | Noticed Sigmund
  2270 | D:3      | Noticed Grinder
  2312 | D:3      | Paralysed by Grinder for 5 turns
  2324 | D:3      | Paralysed by Grinder for 6 turns
  2334 | D:3      | Killed from afar by Grinder

Illustrated notes

Levels and vault maps discovered:
D:1:      nagdon_arrival_zigzag_paths, layout_basic
D:2:      minmay_chambers_of_twos, layout_loops_ring, st_stairs_12,
          uniq_sigmund, uniq_robin
D:3:      layout_basic, serial_forest, infiniplex_forest_zigzag_2,
          infiniplex_forest_lined_4_way, infiniplex_forest_lined_2,
          infiniplex_forest_straight_3, infiniplex_forest_clump_tiny,
          infiniplex_forest_clump_medium, uniq_grinder

Skill      XL: |  1  2  3  4 |
---------------+-------------+-----
Stealth        | 1 2 3 |  3.2
Crossbows      | 3 |  3.7
Fighting       | |  1.1
Dodging        | |  2.4
Spellcasting   | |  1.1
Hexes          | |  3.7

Action                   |  1- 3 |  4- 6 || total
-------------------------+-------+-------++-------
Melee: Spear             |     1 |       ||     1
       Short sword       |    10 |       ||    10
       Dagger            |    25 |    70 ||    95
 Fire: Hand crossbow     |    52 |    36 ||    88
Throw: Dart              |       |     7 ||     7
 Stab: Sleeping          |     1 |     2 ||     3
       Distracted        |       |     1 ||     1
  Eat: Chunk             |     9 |     4 ||    13
Armor: Robe              |     4 |    15 ||    19
Dodge: Dodged            |    43 |    65 ||   108
